 Dungeon Crawl Stone Soup version 0.31-a0-188-g5e087ee2ca (webtiles) character file.

Game seed: 16732501983361831009

79 qw the Shooter (level 4, -8/25 HPs)
             Began as a Deep Elf Hunter on June 23, 2023.
             Mangled by a gnoll
             ... wielding a +0 halberd
              (13 damage)
             ... on level 3 of the Dungeon.
             The game lasted 00:00:39 (1373 turns).

qw the Shooter (Deep Elf Hunter)                    Turns: 1373, Time: 00:00:39

Health: -8/25      AC:  3    Str:  9 (10) XL:     4   Next: 17%
Magic:  6/6        EV: 12    Int: 13 (14) God:
Gold:   133        SH:  0    Dex: 17 (18) Spells: 3/3 levels left

rFire   . . .        Y - +1 shortbow
rCold   . . .        (shield currently unavailable)
rNeg    . . .        c - +0 leather armour
rPois   .            (no helmet)
rElec   .            (no cloak)
rCorr   .            (no gloves)
SInv    .            (no boots)
Will    .....        (no amulet)
Stlth   ++           (no ring)
HPRegen 0.24/turn    (no ring)
MPRegen 0.10/turn

%: no passive effects
@: no status effects
A: no striking features
a: no special abilities


You were on level 3 of the Dungeon.
You visited 1 branch of the dungeon, and saw 3 of its levels.

You collected 133 gold pieces.


   Skills:
 - Level 1.5 Fighting
 + Level 7.6 Ranged Weapons
 - Level 2.4 Dodging
 - Level 1.2 Stealth


You had 3 spell levels left.
You didn't know any spells.
Your spell library was empty.

Inventory:

Hand Weapons
 Y - a +1 shortbow (weapon)
Armour
 c - a +0 leather armour (worn)
Potions
 a - a potion of curing {unknown}
 d - a potion of brilliance {unknown}
 g - a potion of cancellation {unknown}
 i - a potion of mutation {unknown}

Dungeon Overview and Level Annotations

Branches:
Dungeon (3/15)

Altars:


Message History

The jackal bites you but does no damage.
You shoot an arrow. The arrow hits the jackal.
You kill the jackal!
You start resting.
HP restored.
Things that are here:
a +0 dagger; a jackal corpse; an orc corpse
Things that are here:
a +0 short sword; a jackal corpse As you open the huge gate, it creaks loudly!
A gnoll comes into view. It is wielding a +0 halberd.
You hear a shout! x2; The orc shouts!
The gnoll shouts!
You hear a shout!
The orc shouts!
Enter note:
Enter note:
Enter note:
Enter note:
Enter note:
Enter note: A gnoll opens the door.
An orc opens the door.
There is a huge open gate here.
You shoot an arrow. The arrow hits the orc!
You kill the orc!
An orc comes into view. It is wielding a +0 club.
You shoot an arrow. The arrow hits the orc.
The orc is moderately wounded.
You shoot an arrow. The arrow hits the orc.
The orc is almost dead.
The orc hits you with a +0 flail. The orc hits you with a +0 short sword.
The gnoll misses you.
You shoot an arrow. The arrow hits the orc.
You kill the orc!
The orc misses you. The gnoll barely misses you. The orc barely misses you.
The gnoll hits you from afar with a +0 halberd!
Ouch! That really hurt!
You shoot an arrow. The arrow barely misses the orc.
The orc closely misses you.
The gnoll hits you from afar with a +0 halberd!
Ouch! That really hurt!
You die...

........###.##
####....# #..####
#########))..########
......%............
~~~~~~~~....~~~~~~~
~~~~~~~~....~~~~~~~
~~~~~~~~....~~~~~~~
...................
########'o@'#######
....#g..)#.....
....'....o)....
....#....#.....
###############


You could see a gnoll and 2 orcs.

Vanquished Creatures
  2 adders (D:2)
  A worm (D:2)
  3 dart slugs (D:1)
  4 orcs (D:3)
  4 ball pythons
  An endoplasm (D:1)
  2 giant cockroaches
  5 goblins (D:2)
  4 hobgoblins
  4 jackals (D:3)
  2 quokkas (D:2)
  5 bats
  3 frilled lizards
  4 kobolds
  3 rats (D:1)
47 creatures vanquished.

Notes
Turn   | Place    | Note
-------+----------+-------------------------------------------
     0 | D:1      | qw the Deep Elf Hunter began the quest for the Orb.
     0 | D:1      | Reached XP level 1. HP: 12/12 MP: 3/3
     0 | D:1      | 0 ||| qw: Version: 0.3-a-9-g12657ce
     0 | D:1      | 0 ||| qw: Game counter: 3639
     0 | D:1      | 0 ||| qw: Always use a shield: true
     0 | D:1      | 0 ||| qw: God list: Okawaru
     0 | D:1      | 0 ||| qw: Allow faded altars: false
     0 | D:1      | 0 ||| qw: Do Orc after D:15 true
     0 | D:1      | 0 ||| qw: Do second Lair branch before Depths: true
     0 | D:1      | 0 ||| qw: Lair rune preference: random
     0 | D:1      | 0 ||| qw: Plans: Normal
     0 | D:1      | 0 ||| PLANNING D:1-11
    88 | D:1      | Reached XP level 2. HP: 16/16 MP: 4/4
    91 | D:1      | Reached skill level 6 in Ranged Weapons
   112 | D:1      | 112 ||| Stepping ~*~*~tactically~*~*~ (outnumbered).
   372 | D:1      | 372 ||| DROPPING amulet of magic regeneration.
   373 | D:1      | 373 ||| READING scroll labelled MADETE ZUOVECK.
   378 | D:1      | 378 ||| READING scroll labelled CEPIFAUDIN.
   379 | D:1      | 379 ||| READING scroll labelled LATOMA JUZE.
   380 | D:1      | 380 ||| READING scroll labelled WOS MIBIBISMYMI.
   381 | D:1      | 381 ||| DROPPING scroll of butterflies.
   464 | D:2      | Reached XP level 3. HP: 20/20 MP: 5/5
   598 | D:2      | Reached skill level 7 in Ranged Weapons
  1127 | D:2      | 1127 ||| READING scroll labelled QUXKA DUIWASIN.
  1128 | D:2      | 1128 ||| READING scroll labelled NAUFOST ISME.
  1129 | D:2      | 1129 ||| DRINKING 2 amethyst potions.
  1130 | D:2      | 1130 ||| DROPPING potion of degeneration.
  1132 | D:2      | 1132 ||| Stepping ~*~*~tactically~*~*~ (cloud).
  1136 | D:2      | HP: 5/20 [poisoned by you (poison gas)]
  1140 | D:2      | HP: 2/20 [poisoned by you (poison gas)]
  1305 | D:3      | Reached XP level 4. HP: 25/25 MP: 6/6
  1372 | D:3      | HP: 5/25 [gnoll/+0 halberd (15)]
  1373 | D:3      | Mangled by a gnoll

Levels and vault maps discovered:
D:1:      ebering_trefoil_3fold, layout_rooms,
          amcnicky_mini_rare_corridor_liquid
D:2:      minmay_spotlight, layout_loops_ring, minmay_tree_intersection
D:3:      lemuel_castle_with_subvaults [lemuel_castle_interior_carwin_1],
          layout_basic

Skill      XL: |  1  2  3 |
---------------+----------+-----
Ranged Weapons | 6 7 |  7.6
Fighting       | |  1.5
Dodging        | |  2.4
Stealth        | |  1.2

Action                     |  1- 3 |  4- 6 || total
---------------------------+-------+-------++-------
   Fire: Shortbow          |   103 |    17 ||   120
    Use: Scroll            |     6 |       ||     6
         Potion            |     1 |       ||     1
 Armour: Leather armour    |     9 |     5 ||    14
  Dodge: Dodged            |    31 |    18 ||    49

Table legend:
 A = Non-vault XP
 B = Vault XP
 C = Vault XP percentage of total XP
 D = Non-vault monster count
 E = Vault monster count
 F = Vault count percentage of total count
                 A         B        C        D         E       F
            +---------+---------+-------+---------+---------+-------
      Total |      76 |      38 |  33.3 |      35 |      12 |  25.5
            +---------+---------+-------+---------+---------+-------
        D:1 |      35 |       0 |   0.0 |      19 |       0 |   0.0
        D:2 |      41 |      18 |  30.5 |      16 |       4 |  20.0
        D:3 |       0 |      20 | 100.0 |       0 |       8 | 100.0
            +---------+---------+-------+---------+---------+-------
